 Dungeon Crawl Stone Soup version 0.22-a0-189-g981819d (webtiles) character file.

158 DakAttack the Poker (level 5, -5/46 HPs)
             Began as a Minotaur Gladiator on Feb 15, 2018.
             Slain by holliwood's ghost (19 damage)
             ... on level 3 of the Dungeon.
             The game lasted 00:04:09 (1742 turns).

DakAttack the Poker (Minotaur Gladiator)            Turns: 1742, Time: 00:04:10

Health: -5/46      AC: 10    Str: 18    XL:     5   Next: 16%
Magic:  4/4        EV:  9    Int:  5    God:
Gold:   177        SH:  0    Dex: 13    Spells: 4/4 levels left

rFire    . . .     SeeInvis .   a - +2 trident
rCold    . . .     Gourm    .   (no shield)
rNeg     . . .     Faith    .   i - +0 chain mail
rPois    .         Spirit   .   c - +0 hat
rElec    .         Reflect  .   (no cloak)
rCorr    .         Harm     .   g - +0 pair of gloves
MR       .....                  (no boots)
Stlth    ..........             (no amulet)
HPRegen  0.15/turn              (no ring)
MPRegen  0.09/turn              (no ring)

@: no status effects
A: retaliatory headbutt, horns 2
a: no special abilities


You were on level 3 of the Dungeon.
You were not hungry.

You visited 1 branch of the dungeon, and saw 3 of its levels.

You collected 177 gold pieces.

Inventory:

Hand Weapons
 a - a +2 trident (weapon)
Missiles
 d - a throwing net (quivered)
Armour
 c - a +0 hat (worn)
 g - a +0 pair of gloves (worn)
 i - a +0 chain mail (worn)
Jewellery
 j - a +4 ring of dexterity {unknown}
Scrolls
 k - a scroll of remove curse
Potions
 e - a potion of curing
 l - a potion of agility {unknown}
Comestibles
 f - 3 rations
 h - a chunk of flesh


   Skills:
 * Level 4.0 Fighting
 * Level 4.7 Polearms
 - Level 2.0 Throwing
 * Level 2.6 Armour
 * Level 4.2 Dodging


You had 4 spell levels left.
You didn't know any spells.

Dungeon Overview and Level Annotations

Branches:
Dungeon (3/15)

Altars:
Yredelemnul

Annotations:
D:3 holliwood's ghost, amateur OgBe


Innate Abilities, Weirdness & Mutations

You reflexively headbutt those who attack you in melee.
You have a pair of horns on your head.


Message History

* * * LOW HITPOINT WARNING * * *
You feel much better. Holliwood's ghost hits you.
You hit holliwood's ghost but do no damage.
Holliwood's ghost is heavily damaged.
Holliwood's ghost hits you!
* * * LOW HITPOINT WARNING * * *
You closely miss holliwood's ghost.
Holliwood's ghost is heavily damaged.
Holliwood's ghost boasts, "I have defeated monsters you have never seen."
Holliwood's ghost barely misses you. You furiously retaliate!
You headbutt holliwood's ghost, but do no damage.
You puncture holliwood's ghost!
You headbutt holliwood's ghost, but do no damage.
Holliwood's ghost is heavily damaged.
Holliwood's ghost hits you.
* * * LOW HITPOINT WARNING * * *
You feel better. Holliwood's ghost hits you!
* * * LOW HITPOINT WARNING * * *
You feel better. Holliwood's ghost hits you!!
You die...

..#.########
#.#+#.##.#
............#...
#.........
..#.#######.....
#....####.
..#.#####.......
#.........
............ ...
#.........
............ ..
#...######
...........# #?
#.?.#
..)........#
#.####...####
###+########
#.@W(.........
######.....$..
#.........
####......
######


You could see holliwood's ghost.

Vanquished Creatures
  Natasha (thrice) (D:2)
  2 adders (D:2)
  An ooze (D:1)
  An adder zombie (D:2)
  A worm (D:2)
  2 dart slugs
  2 leopard geckos (D:1)
  A bat zombie (D:2)
  3 giant cockroaches (D:2)
  2 goblins (D:1)
  7 hobgoblins
  7 kobolds
  A quokka (D:3)
  2 ball pythons
  A ball python zombie (D:2)
  6 bats
  2 frilled lizards (D:2)
  A quokka skeleton (D:2)
  2 quokka zombies (D:2)
  7 rats
54 creatures vanquished.

Notes
Turn   | Place    | Note
-------+----------+-------------------------------------------
     0 | D:1      | DakAttack the Minotaur Gladiator began the quest for the Orb.
     0 | D:1      | Reached XP level 1. HP: 18/18 MP: 0/0
   290 | D:1      | Reached XP level 2. HP: 25/25 MP: 1/1
   349 | D:1      | Reached skill level 1 in Armour
   761 | D:2      | Reached XP level 3. HP: 31/31 MP: 2/2
   930 | D:2      | Noticed Natasha
   936 | D:2      | Killed Natasha
   936 | D:2      | Reached XP level 4. HP: 38/38 MP: 3/3
   993 | D:2      | Found a basalt altar of Yredelemnul.
  1019 | D:2      | Noticed Natasha
  1032 | D:2      | Killed Natasha
  1365 | D:2      | Noticed Natasha
  1377 | D:2      | Killed Natasha
  1377 | D:2      | Reached XP level 5. HP: 46/46 MP: 4/4
  1722 | D:3      | Noticed holliwood's ghost (amateur OgBe)
  1742 | D:3      | Slain by holliwood's ghost

Vault maps used:
D:1:      minmay_arrival_widening_spiral_wide
D:2:      yredelemnul_altar_generic, serial_undead, serial_undead_a,
          serial_undead_b, serial_undead_a, serial_undead_e, serial_undead_d,
          serial_undead_f, serial_undead_a, uniq_natasha
D:3:      first_ration

Skill      XL: |  1  2  3  4  5 |
---------------+----------------+-----
Armour         | 1 2 |  2.6
Polearms       | 4 |  4.7
Fighting       | 3 4 |  4.0
Dodging        | 4 |  4.2
Throwing       | |  2.0

Action                   |  1- 3 |  4- 6 || total
-------------------------+-------+-------++-------
Melee: Trident           |    62 |    83 ||   145
       Headbutt          |     4 |    12 ||    16
Throw: Throwing net      |       |     2 ||     2
  Use: Scroll            |     6 |     1 ||     7
       Potion            |       |     3 ||     3
  Eat: Chunk             |       |     3 ||     3
Armor: Ring mail         |     6 |       ||     6
       Chain mail        |    10 |    31 ||    41
Dodge: Dodged            |    18 |    34 ||    52

Table legend:
 A = Spawn XP
 B = Non-spawn XP
 C = Spawn XP percentage of total XP
 D = Spawn monster count
 E = Non-spawn monster count
 F = Spawn count percentage of total count
 G = Total turns spent on level
                    A         B        C        D         E        F      G
               +---------+---------+-------+---------+---------+-------+---------
         Total |       0 |     227 |   0.0 |       0 |      54 |   0.0 |  1742
               +---------+---------+-------+---------+---------+-------+---------
           D:1 |       0 |      39 |   0.0 |       0 |      18 |   0.0 |   754
           D:2 |       0 |     182 |   0.0 |       0 |      32 |   0.0 |   863
           D:3 |       0 |       6 |   0.0 |       0 |       4 |   0.0 |   125
               +---------+---------+-------+---------+---------+-------+---------
